 Dungeon Crawl Stone Soup version 0.30.0-30-g96aa6591b8 (webtiles) character file.

Game seed: 12571884383027389905

39 javelincjr the Magician (level 3, 0/25 HPs)
             Began as a Demonspawn Hedge Wizard on June 30, 2023.
             Constricted to death by Robin (3 damage)
             ... on level 2 of the Dungeon.
             The game lasted 00:05:02 (1427 turns).

javelincjr the Magician (Demonspawn Hedge Wizard)   Turns: 1427, Time: 00:05:02

Health: 0/25       AC:  2    Str: 10    XL:     3   Next: 26%
Magic:  6/7        EV:  9    Int: 19    God:
Gold:   12         SH:  0    Dex: 12    Spells: 5/8 levels left

rFire   . . .        g - +4 dagger
rCold   . . .        (no shield)
rNeg    . . .        b - +0 robe
rPois   .            c - +0 hat
rElec   .            (no cloak)
rCorr   .            (no gloves)
SInv    .            (no boots)
Will    .....        (no amulet)
Stlth   ++           (no ring)
HPRegen 0.24/turn    (no ring)
MPRegen 0.10/turn

%: no passive effects
@: grasped by roots, constricted
A: big brain 1
a: no special abilities


You were on level 2 of the Dungeon.
You visited 1 branch of the dungeon, and saw 2 of its levels.

You collected 12 gold pieces.

Inventory:

Hand Weapons
 a - a +0 dagger
 g - a +4 dagger (weapon)
Armour
 b - a +0 robe (worn)
 c - a +0 hat (worn)
Potions
 d - a potion of magic


   Skills:
 + Level 0.8 Fighting
 + Level 2.0 Dodging
 + Level 2.1 Stealth
 + Level 3.1 Spellcasting
 + Level 1.5 Conjurations
 + Level 1.4 Summonings
 + Level 1.3 Translocations


You had 5 spell levels left.
You knew the following spells:

 Your Spells              Type           Power      Damage    Failure   Level
a - Magic Dart            Conj           36%        1d4       8%          1
b - Call Imp              Summ           16%        N/A       12%         2

Your spell library contained the following spells:

 Spells                   Type           Power      Damage    Failure   Level
 Blink                    Tloc           14%        N/A       13%         2
 Slow                     Hex            8%         N/A       16%         1
 Cigotuvi's Dreadful Rot  Necr/Pois/Air  4%         N/A       22%         2
 Mephitic Cloud           Conj/Pois/Air  4%         N/A       36%         3


Dungeon Overview and Level Annotations

Branches:
Dungeon (2/15)

Altars:

Annotations:
D:2 Robin


Innate Abilities, Weirdness & Mutations

You have an unusually large brain. (Int +2)


Message History

The hobgoblin goes into a battle-frenzy!
Your cerulean imp barely misses Robin.
You hit Robin.
Robin is heavily wounded.
Robin zaps a wand.
The roots erupt in riotous growth!
The grasping roots grab you!
Robin is unaffected.
Roots grab your cerulean imp.
The grasping roots constrict your cerulean imp.
The grasping roots constrict you.
Your cerulean imp hits Robin but does no damage.
You hit Robin but do no damage.
Robin is heavily wounded.
Robin barely misses you.
The grasping roots constrict your cerulean imp!
The grasping roots constrict you.
Your cerulean imp hits Robin from afar with a -4 spear.
You hit Robin.
Robin is severely wounded.
Robin hits you with a +0 spear.
* * * LOW HITPOINT WARNING * * *
The grasping roots constrict your cerulean imp.
Your cerulean imp dies!
Your cerulean imp disappears in a puff of smoke!
The grasping roots constrict you.
* * * LOW HITPOINT WARNING * * *
The grasping roots release their grip on you.
As you read the scroll labelled COJOAT HAHEMM, it crumbles to dust.
It is a scroll of identify.
f - a scroll of fear Robin barely misses you.
As you read the scroll of fear, it crumbles to dust.
You assume a fearsome visage.
Robin looks frightened!
The hobgoblin looks frightened! x2
Cornered, Robin turns to fight!
There is a stone staircase leading up here.
Robin zaps a wand.
The roots erupt in riotous growth!
The grasping roots grab you! The grasping roots constrict you.
You die...

#######.##
#.# #g#
#.# #.#
#.# #g#
#.# #@#
###


You could see Robin and a hobgoblin (strong, fleeing).

Vanquished Creatures
  A dart slug (D:1)
  3 ball pythons (D:1)
  4 bats (D:1)
  A giant cockroach (D:1)
  A hobgoblin (D:1)
  2 quokkas (D:1)
  12 goblins
  7 rats (D:1)
31 creatures vanquished.

Notes
Turn   | Place    | Note
-------+----------+-------------------------------------------
     0 | D:1      | javelincjr the Demonspawn Hedge Wizard began the quest for
                  | the Orb.
     0 | D:1      | Reached XP level 1. HP: 13/13 MP: 4/4
   193 | D:1      | Reached skill level 1 in Translocations
   317 | D:1      | Gained mutation: You have an unusually large brain. (Int
                  | +2) [demonic ancestry]
   317 | D:1      | Reached XP level 2. HP: 19/19 MP: 0/6
  1209 | D:2      | Noticed Robin
  1210 | D:2      | Reached XP level 3. HP: 25/25 MP: 4/7
  1221 | D:1      | Learned a level 2 spell: Call Imp
  1422 | D:2      | HP: 1/25 [constriction (3)]
  1427 | D:2      | Constricted to death by Robin

Illustrated notes

Levels and vault maps discovered:
D:1:      sevenhm_arrival_forest_fort_small_6, layout_basic, serial_bayou_lake_a
D:2:      layout_basic, shapermc_ecumenical_altar_notcrosses, uniq_robin

Skill      XL: |  1  2  3 |
---------------+----------+-----
Translocations | 1 |  1.3
Stealth        | 2 |  2.1
Dodging        | 2 |  2.0
Fighting       | |  0.8
Spellcasting   | |  3.1
Conjurations   | |  1.5
Summonings     | |  1.4

Action                     || total
---------------------------++-------
  Melee: Dagger            ||    68
         Punch             ||     1
   Cast: Magic Dart        ||    55
         Call Imp          ||     3
    Use: Scroll            ||     2
 Armour: Robe              ||     4
  Dodge: Dodged            ||    20
